 Dungeon Crawl Stone Soup version 0.21.0-3-g78d12a8 (webtiles) character file.

227 Sayani the Chopper (level 5, -3/69 HPs)
             Began as a Minotaur Berserker on Jan 13, 2018.
             Was a Priest of Trog.
             Slain by an iguana (6 damage)
             ... on level 4 of the Dungeon.
             The game lasted 00:04:18 (2981 turns).

Sayani the Chopper (Minotaur Berserker)             Turns: 2981, Time: 00:04:19

Health: -3/69      AC:  7    Str: 27    XL:     5   Next: 70%
Magic:  4/4        EV: 11    Int:  4    God:    Trog [***...]
Gold:   186        SH:  0    Dex: 10    Spells: 4/4 levels left

rFire    . . .     SeeInvis .   a - +0 hand axe
rCold    . . .     Gourm    .   (no shield)
rNeg     . . .     Faith    .   f - +0 scale mail
rPois    .         Spirit   .   (helmet restricted)
rElec    .         Reflect  .   (no cloak)
rCorr    .         Harm     .   (no gloves)
MR       .....                  d - +0 pair of boots
Stlth    ..........             (no amulet)
HPRegen  0.21/turn              (no ring)
MPRegen  0.09/turn              (no ring)

@: berserking, starving, very quick
A: retaliatory headbutt, horns 2
a: Berserk, Trog's Hand, Burn Spellbooks, Renounce Religion


You were on level 4 of the Dungeon.
You worshipped Trog.
Trog was most pleased with you.
You were starving.

You visited 1 branch of the dungeon, and saw 4 of its levels.

You collected 186 gold pieces.

Inventory:

Hand Weapons
 a - a +0 hand axe (weapon)
 k - a +0 club
Armour
 d - a +0 pair of boots (worn)
 f - a +0 scale mail (worn)
Wands
 i - a wand of paralysis (21)
Scrolls
 b - 2 scrolls of identify {unknown}
 e - a scroll of enchant armour {unknown}
 g - 2 scrolls of remove curse {unknown}
 m - a scroll of fear {unknown}
Potions
 h - a potion of brilliance {unknown}
 j - 2 potions of degeneration {unknown}
 l - 2 potions of curing {unknown}
Comestibles
 c - 4 rations


   Skills:
 + Level 3.8 Fighting
 + Level 7.4 Axes
 + Level 3.1 Armour
 - Level 2.1 Dodging


You had 4 spell levels left.
You didn't know any spells.

Dungeon Overview and Level Annotations

Branches:
Dungeon (4/15)
 Temple: D:4-7

Altars:
Elyvilon
Nemelex Xobeh
Qazlal


Innate Abilities, Weirdness & Mutations

You reflexively headbutt those who attack you in melee.
You have a pair of horns on your head.


Message History

The iguana bites you!
* * * LOW HITPOINT WARNING * * *
You completely miss the iguana.
The iguana is severely wounded.
You barely miss the iguana.
The iguana is severely wounded.
The iguana bites you.
* * * LOW HITPOINT WARNING * * *
A red film seems to cover your vision as you go berserk!
You feel yourself moving faster!
You feel mighty!
You are starving!
The iguana bites you!
* * * LOW HITPOINT WARNING * * *
You hit the iguana.
The iguana is almost dead.
The iguana closely misses you.
You hit the iguana but do no damage. Your headbutt misses the iguana.
The iguana is almost dead.
The iguana bites you.
You die...

#.# #.# #.# ######## #.#
...... #.### #...#
######.#.# #...#
#....#...#
#...###....###.#
#l@...'....# #.#
..........##....###.####
........................
.##.#####..##.#.###.####
.. ..........# #.# ##
####.##..........#
#.#####.......# .#
#.......# #.......#


You could see an iguana.

Vanquished Creatures
  A scorpion (D:3)
  9 adders
  An ooze (D:4)
  3 worms
  A dart slug (D:2)
  4 leopard geckos
  2 orcs (D:3)
  3 ball pythons (D:1)
  2 giant cockroaches
  6 goblins
  9 hobgoblins
  7 jackals
  2 quokkas (D:3)
  7 bats
  5 frilled lizards
  8 kobolds
  11 rats
81 creatures vanquished.

Notes
Turn   | Place    | Note
-------+----------+-------------------------------------------
     0 | D:1      | Sayani the Minotaur Berserker began the quest for the Orb.
     0 | D:1      | Reached XP level 1. HP: 19/19 MP: 0/0
    33 | D:1      | Reached skill level 4 in Axes
    42 | D:1      | Reached XP level 2. HP: 13/26 MP: 1/1
   302 | D:1      | Found a sparkling altar of Nemelex Xobeh.
   517 | D:1      | Reached skill level 5 in Axes
   562 | D:1      | Reached XP level 3. HP: 31/31 MP: 2/2
   714 | D:1      | Reached ** piety under Trog
  1096 | D:2      | Found a white marble altar of Elyvilon.
  1455 | D:2      | Reached skill level 6 in Axes
  1455 | D:2      | Reached XP level 4. HP: 38/39 MP: 3/3
  1571 | D:2      | Found a stormy altar of Qazlal.
  2355 | D:3      | Reached XP level 5. HP: 45/45 MP: 4/4
  2384 | D:3      | Reached *** piety under Trog
  2488 | D:3      | Reached skill level 7 in Axes
  2979 | D:4      | HP: 3/69 [iguana (9)]
  2981 | D:4      | Slain by an iguana

Skill      XL: |  1  2  3  4  5 |
---------------+----------------+-----
Axes           | 4 5 6 7 |  7.4
Armour         | 3 |  3.1
Fighting       | |  3.8
Dodging        | |  2.1

Action                   |  1- 3 |  4- 6 || total
-------------------------+-------+-------++-------
Melee: Hand axe          |    95 |   117 ||   212
       Headbutt          |    12 |    21 ||    33
Invok: Berserk           |       |     1 ||     1
  Eat: Chunk             |     1 |     1 ||     2
       Ration            |       |     1 ||     1
Armor: Animal skin       |     8 |       ||     8
       Leather armour    |     8 |       ||     8
       Scale mail        |    30 |    41 ||    71
Dodge: Dodged            |    57 |    42 ||    99
